 Dungeon Crawl Stone Soup version 0.18.1-48-g4cf74bf (webtiles) character file.

0 lawna the Caller (level 1, -3/10 HPs)
             Began as a Deep Elf Summoner on Sept 4, 2016.
             Slain by a hobgoblin (4 damage)
             ... on level 1 of the Dungeon.
             The game lasted 00:01:38 (44 turns).

lawna the Caller (Deep Elf Summoner)                  Turns: 44, Time: 00:01:39

Health: -3/10      AC:  2    Str:  5    XL:     1   Next: 0%
Magic:  6/6        EV: 13    Int: 19    God:
Gold:   0          SH:  0    Dex: 15    Spells: 1 memorised, 5 levels left

rFire  . . .     SeeInvis .     (no weapon)
rCold  . . .     Gourm    .     a - +0 robe
rNeg   . . .     Faith    .     (no shield)
rPois  .         Spirit   .     (no helmet)
rElec  .         Dismiss  .     (no cloak)
rCorr  .         Reflect  .     (no gloves)
SustAt .         Harm     .     (no boots)
MR     .....                    (no amulet)
Stlth  ++........               (no ring)
                                (no ring)

@: not resistant to hostile enchantments, unstealthy
A: no striking features
a: no special abilities


You were on level 1 of the Dungeon.
You were not hungry.

You visited 1 branch of the dungeon, and saw 1 of its levels.

Inventory:

Armour
 a - a +0 robe (worn)
Potions
 d - 2 potions of cancellation {unknown}
Books
 b - a book of Callings

   Spells                             Type                      Level
   a - Summon Small Mammal            Summoning                    1
   b - Call Imp                       Summoning                    2
   c - Call Canine Familiar           Summoning                    3
   d - Summon Guardian Golem          Hexes/Summoning              3
   e - Summon Lightning Spire         Summoning/Air                4
   f - Summon Ice Beast               Ice/Summoning                4
Comestibles
 c - a bread ration


   Skills:
 + Level 2.4 Dodging
 - Level 2.4 Stealth
 + Level 3.0 Spellcasting
 + Level 4.3 Summonings


You had 5 spell levels left.
You knew the following spells:

 Your Spells              Type           Power        Failure   Level  Hunger
a - Summon Small Mammal   Summ           ###.         2%          1    None


Dungeon Overview and Level Annotations

Branches:
Dungeon (1/15)

Altars:


Message History

Your quokka closely misses the hobgoblin.
Your quokka bites the hobgoblin.
Your quokka closely misses the hobgoblin.
The hobgoblin barely misses you.
You hit the hobgoblin but do no damage.
Your quokka bites the hobgoblin but does no damage.
The hobgoblin hits you.
You hit the hobgoblin.
The hobgoblin is heavily wounded.
Your quokka misses the hobgoblin. The hobgoblin hits you.
You hit the hobgoblin but do no damage.
The hobgoblin is heavily wounded.
Your quokka closely misses the hobgoblin.
The hobgoblin hits you.
* * * LOW HITPOINT WARNING * * *
Your quokka barely misses the hobgoblin.
You hit the hobgoblin but do no damage.
The hobgoblin is heavily wounded.
The hobgoblin hits you.
You die...

#.....
#....####...#
#...........#
#...........#
+...........+
#...........#
#.........#+#
#@...........
#.gr.........
#............
#####.#+#.=..
#.....# .##
#.##### #.#
#.##### #
#######
#.....#.#
#.....#


You could see a hobgoblin and a friendly quokka.

Vanquished Creatures (others)
  A minotaur (D:1)
  2 vine stalkers (D:1)
  2 gargoyles (D:1)
  2 elves (D:1)
  2 trolls (D:1)
  2 formicids (D:1)
  A dwarf (D:1)
  An ogre (D:1)
  A mummy (D:1)
  A kobold (D:1)
  5 tentacles (D:1)
  43 tentacle segments (D:1)
63 creatures vanquished.

Notes
Turn   | Place    | Note
--------------------------------------------------------------
     0 | D:1      | lawna the Deep Elf Summoner began the quest for the Orb.
     0 | D:1      | Reached XP level 1. HP: 10/10 MP: 6/6
     4 | D:1      | Noticed an ogre
     4 | D:1      | Noticed a minotaur
     4 | D:1      | Noticed a vine stalker
     4 | D:1      | Noticed a formicid
     4 | D:1      | Noticed a troll
     4 | D:1      | Noticed a gargoyle
     4 | D:1      | Noticed a kraken
     4 | D:1      | Noticed an elf
     4 | D:1      | Noticed a vine stalker
     4 | D:1      | Noticed an elf
     4 | D:1      | Noticed a gargoyle
     4 | D:1      | Noticed a formicid
     4 | D:1      | Noticed a troll
     4 | D:1      | Noticed a dwarf
     5 | D:1      | Killed a gargoyle
     8 | D:1      | Killed a gargoyle
     9 | D:1      | Killed a formicid
    10 | D:1      | Killed an elf
    11 | D:1      | Killed an ogre
    11 | D:1      | Killed a minotaur
    12 | D:1      | Killed a vine stalker
    13 | D:1      | Killed a troll
    13 | D:1      | Killed a formicid
    13 | D:1      | Killed an elf
    15 | D:1      | Killed a dwarf
    15 | D:1      | Killed a troll
    17 | D:1      | Killed a vine stalker
    44 | D:1      | Slain by a hobgoblin

Action                   || total
-------------------------++-------
Melee: Unarmed           ||     4
 Cast: Summon Small Mamm ||     2
Armor: Robe              ||     1
Dodge: Dodged            ||     1
